BSA
SAN FRANCISCO BANDITS @ NEVADA NOISE
04/13/2029
 
TOP OF THE 1ST
San Francisco Bandits batting - Pitching for Nevada Noise : RHP Dan Wilson
Pitching: RHP Dan Wilson
Batting: RHB José Hernández 0-0: Called Strike
0-1: SINGLE (Groundball, 4MD)
Batting: RHB Scott Merritt 0-0: Ground out 5-3 (Groundball, 56S)
José Hernández to second
Batting: RHB Owen Carter 0-0: Called Strike
0-1: Foul Ball, location: 2F
0-2: Ball
1-2: Ball
2-2: Strikes out swinging
Batting: LHB Chris Austin 0-0: Ball
1-0: Foul Ball, location: 2F
1-1: Foul Ball, location: 2F
1-2: Ball
2-2: Foul Ball, location: 2F
2-2: Foul Ball, location: 2F
2-2: Ball
3-2: Fly out, F7 (Flyball, 78M)
Top of the 1st over - 0 runs, 1 hit, 0 errors, 1 left on base; San Francisco 0 - Nevada 0
BOTTOM OF THE 1ST
Nevada Noise batting - Pitching for San Francisco Bandits : RHP Yodo Nakagawa
Pitching: RHP Yodo Nakagawa
Batting: RHB Pedro Rosado 0-0: Ball
1-0: Called Strike
1-1: Swinging Strike
1-2: Strikes out looking
Batting: SHB Víctor Serrano 0-0: SINGLE (Line Drive, 9LS)
Batting: LHB Santiago Márquez 0-0: Called Strike
0-1: Ball
1-1: Ball
2-1: Ball
3-1: SINGLE (Line Drive, 4M)
Víctor Serrano to second
Batting: RHB Luis Cruz 0-0: Ball
1-0: Foul Ball, location: 2F
1-1: Foul Ball, location: 2F
1-2: Foul Ball, location: 2F
1-2: Ball
2-2: Foul Ball, location: 2F
2-2: Ball
3-2: Fly out, F8 (Flyball, 8RS)
Batting: LHB Milton Watson 0-0: Called Strike
0-1: Ball
1-1: Foul Ball, location: 2F
1-2: Ball
2-2: Ball
3-2: SINGLE (Line Drive, 8LS)
Víctor Serrano to third
Santiago Márquez to second
Víctor Serrano scores
Santiago Márquez to third
Batting: RHB Rich Ruffin 0-0: Ball
1-0: Fly out, F9 (Flyball, 9LM)
Bottom of the 1st over - 1 run, 3 hits, 0 errors, 2 left on base; San Francisco 0 - Nevada 1
TOP OF THE 2ND
San Francisco Bandits batting - Pitching for Nevada Noise : RHP Dan Wilson
Batting: RHB Michael Elliott 0-0: Ground out 5-3 (Groundball, 56)
Batting: LHB Alan McGilroy 0-0: Ball
1-0: Ball
2-0: Ball
3-0: Called Strike
3-1: Foul Ball, location: 2F
3-2: Ground out U3 (Groundball, 34)
Batting: RHB Javier Ramírez 0-0: Foul Ball, location: 2F
0-1: Ball
1-1: Ball
2-1: Ground out 5-3 (Groundball, 5S)
Top of the 2nd over - 0 runs, 0 hits, 0 errors, 0 left on base; San Francisco 0 - Nevada 1
BOTTOM OF THE 2ND
Nevada Noise batting - Pitching for San Francisco Bandits : RHP Yodo Nakagawa
Batting: RHB Bill Mark 0-0: Called Strike
0-1: DOUBLE (Line Drive, 78XD)
Batting: RHB Jorge Márquez 0-0: Ball
1-0: SINGLE (Groundball, 5S) (infield hit)
Bill Mark to third
Batting: RHB Max Jones 0-0: Ball
1-0: Ball
2-0: DOUBLE (Line Drive, 9D)
Bill Mark scores
Jorge Márquez to third
Batting: RHB Pedro Rosado 0-0: Ball
1-0: SINGLE (Line Drive, 8RS)
Jorge Márquez scores
Max Jones to third
Runner from 3rd tries for Home, SAFE, no throw
Batting: SHB Víctor Serrano 0-0: Ball
1-0: Fly out, F9 (Flyball, 9)
Batting: LHB Santiago Márquez 0-0: Ball
1-0: Called Strike
1-1: Called Strike
1-2: Ball
2-2: Foul Ball, location: 2F
2-2: Foul Ball, location: 2F
2-2: Grounds into double play, 6-4-3 (Groundball, 6D)
Bottom of the 2nd over - 3 runs, 4 hits, 0 errors, 0 left on base; San Francisco 0 - Nevada 4
TOP OF THE 3RD
San Francisco Bandits batting - Pitching for Nevada Noise : RHP Dan Wilson
Batting: LHB Anacleto Morillo 0-0: Ground out 4-3 (Groundball, 4M)
Batting: RHB Naomichi Aoki 0-0: Ball
1-0: Ball
2-0: Ground out 5-3 (Groundball, 56)
Batting: RHB José Hernández 0-0: Called Strike
0-1: Foul Ball, location: 2F
0-2: Fly out, F8 (Flyball, 8LD)
Top of the 3rd over - 0 runs, 0 hits, 0 errors, 0 left on base; San Francisco 0 - Nevada 4
BOTTOM OF THE 3RD
Nevada Noise batting - Pitching for San Francisco Bandits : RHP Yodo Nakagawa
Batting: RHB Luis Cruz 0-0: Ball
1-0: Fly out, F9 (Flyball, 9S)
Batting: LHB Milton Watson 0-0: Ball
1-0: Ball
2-0: Swinging Strike
2-1: Swinging Strike
2-2: Ball
3-2: Base on Balls
Batting: RHB Rich Ruffin 0-0: Ball
1-0: Ball
2-0: Ball
3-0: Called Strike
3-1: Called Strike
3-2: Base on Balls
Milton Watson to second
Batting: RHB Bill Mark 0-0: Foul Ball, location: 2F
0-1: SINGLE (Groundball, 6D)
Milton Watson to third
Rich Ruffin to second
Runner from 3rd tries for Home, SAFE, no throw
Batting: RHB Jorge Márquez 0-0: Called Strike
0-1: Ball
1-1: Ball
2-1: Ball
3-1: Base on Balls
Rich Ruffin to third
Bill Mark to second
Batting: RHB Max Jones 0-0: Called Strike
0-1: Called Strike
0-2: Strikes out looking
Batting: RHB Pedro Rosado 0-0: Called Strike
0-1: Ball
1-1: Foul Ball, location: 2F
1-2: SINGLE (Groundball, 6MD)
Rich Ruffin scores
Bill Mark to third
Jorge Márquez to second
Runner from 3rd tries for Home, SAFE, throw made home
Batting: SHB Víctor Serrano 0-0: Ball
1-0: Fly out, F7 (Flyball, 78D)
Bottom of the 3rd over - 3 runs, 2 hits, 0 errors, 2 left on base; San Francisco 0 - Nevada 7
TOP OF THE 4TH
San Francisco Bandits batting - Pitching for Nevada Noise : RHP Dan Wilson
Batting: RHB Scott Merritt 0-0: Ball
1-0: Foul Ball, location: 2F
1-1: Ball
2-1: Fly out, F8 (Flyball, 8RD)
Batting: RHB Owen Carter 0-0: Called Strike
0-1: Ball
1-1: Called Strike
1-2: Foul Ball, location: 2F
1-2: SINGLE (Line Drive, 4M)
Batting: LHB Chris Austin 0-0: Grounds into double play, 4-6-3 (Groundball, 4)
Top of the 4th over - 0 runs, 1 hit, 0 errors, 0 left on base; San Francisco 0 - Nevada 7
BOTTOM OF THE 4TH
Nevada Noise batting - Pitching for San Francisco Bandits : RHP Yodo Nakagawa
Batting: LHB Santiago Márquez 0-0: Ball
1-0: Ball
2-0: Ball
3-0: Called Strike
3-1: Base on Balls
Batting: RHB Luis Cruz 0-0: Ball
1-0: SINGLE (Line Drive, 7LS)
Santiago Márquez to second
Batting: LHB Milton Watson 0-0: Called Strike
0-1: Swinging Strike
0-2: Foul Ball, location: 2F
0-2: Ball
1-2: Foul Ball, location: 2F
1-2: Ball
2-2: Ball
3-2: Fly out, F6 (Popup, 6MD)
Pitching: RHP Fernando Llama
Batting: RHB Rich Ruffin 0-0: Ball
1-0: Fly out, F9 (Flyball, 89D)
Batting: RHB Bill Mark 0-0: Ball
1-0: Foul Ball, location: 2F
1-1: Swinging Strike
1-2: Foul Ball, location: 2F
1-2: Fielders Choice at 2nd, 5-4 (Groundball, 56)
Bottom of the 4th over - 0 runs, 1 hit, 0 errors, 2 left on base; San Francisco 0 - Nevada 7
TOP OF THE 5TH
San Francisco Bandits batting - Pitching for Nevada Noise : RHP Dan Wilson
Batting: RHB Michael Elliott 0-0: Called Strike
0-1: Swinging Strike
0-2: Fly out, F9 (Flyball, 89S)
Batting: LHB Alan McGilroy 0-0: Ball
1-0: Called Strike
1-1: Swinging Strike
1-2: Ball
2-2: Ground out 4-3 (Groundball, 4M)
Batting: RHB Javier Ramírez 0-0: Ball
1-0: Foul Ball, location: 2F
1-1: Called Strike
1-2: Strikes out swinging
Top of the 5th over - 0 runs, 0 hits, 0 errors, 0 left on base; San Francisco 0 - Nevada 7
BOTTOM OF THE 5TH
Nevada Noise batting - Pitching for San Francisco Bandits : RHP Fernando Llama
Batting: RHB Jorge Márquez 0-0: Ball
1-0: Foul Ball, location: 2F
1-1: Ground out 4-3 (Groundball, 4)
Batting: RHB Max Jones 0-0: Ball
1-0: Swinging Strike
1-1: Ball
2-1: Ground out 6-3 (Groundball, 6)
Batting: RHB Pedro Rosado 0-0: Called Strike
0-1: Ball
1-1: Ball
2-1: Foul Ball, location: 2F
2-2: Foul Ball, location: 2F
2-2: Ground out 4-3 (Groundball, 4)
Bottom of the 5th over - 0 runs, 0 hits, 0 errors, 0 left on base; San Francisco 0 - Nevada 7
TOP OF THE 6TH
San Francisco Bandits batting - Pitching for Nevada Noise : RHP Dan Wilson
Batting: LHB Anacleto Morillo 0-0: Ball
1-0: Swinging Strike
1-1: Ground out 4-3 (Groundball, 34)
Batting: RHB Naomichi Aoki 0-0: Swinging Strike
0-1: Swinging Strike
0-2: Foul Ball, location: 2F
0-2: Ball
1-2: Ball
2-2: Foul Ball, location: 2F
2-2: Foul Ball, location: 2F
2-2: Foul Ball, location: 2F
2-2: Strikes out swinging
Batting: RHB José Hernández 0-0: Ball
1-0: Called Strike
1-1: Ball
2-1: Ball
3-1: SINGLE (Groundball, 56D)
Batting: RHB Scott Merritt 0-0: Called Strike
0-1: Ball
1-1: Ball
2-1: SINGLE (Line Drive, 9LS)
José Hernández to second
Batting: RHB Owen Carter 0-0: Called Strike
0-1: Fly out, F9 (Flyball, 89M)
Top of the 6th over - 0 runs, 2 hits, 0 errors, 2 left on base; San Francisco 0 - Nevada 7
BOTTOM OF THE 6TH
Nevada Noise batting - Pitching for San Francisco Bandits : RHP Fernando Llama
Batting: SHB Víctor Serrano 0-0: Swinging Strike
0-1: Ball
1-1: Ball
2-1: Foul Ball, location: 2F
2-2: Foul Ball, location: 2F
2-2: DOUBLE (Flyball, 8RXD)
Batting: LHB Santiago Márquez 0-0: Called Strike
0-1: SINGLE (Groundball, 34D)
Víctor Serrano to third
Batting: RHB Luis Cruz 0-0: Called Strike
0-1: Ball
1-1: Swinging Strike
1-2: Foul Ball, location: 2F
1-2: Foul Ball, location: 2F
1-2: TRIPLE (Flyball, 9LD)
Víctor Serrano scores
Santiago Márquez scores
Batting: LHB Milton Watson 0-0: 2-RUN HOME RUN (Flyball, 9LD), Distance : 369 ft
Batting: RHB Rich Ruffin 0-0: Swinging Strike
0-1: Foul Ball, location: 2F
0-2: Strikes out swinging
Batting: RHB Bill Mark 0-0: Fly out, F8 (Flyball, 78M)
Batting: RHB Jorge Márquez 0-0: Ground out 5-3 (Groundball, 56)
Bottom of the 6th over - 4 runs, 4 hits, 0 errors, 0 left on base; San Francisco 0 - Nevada 11
TOP OF THE 7TH
San Francisco Bandits batting - Pitching for Nevada Noise : RHP Dan Wilson
Batting: LHB Chris Austin 0-0: Called Strike
0-1: Ground out 5-3 (Groundball, 56S)
Batting: RHB Michael Elliott 0-0: Called Strike
0-1: Foul Ball, location: 2F
0-2: Foul Ball, location: 2F
0-2: Ball
1-2: Ball
2-2: Ball
3-2: Fly out, F8 (Flyball, 78M)
Batting: LHB Alan McGilroy 0-0: Fly out, F7 (Flyball, 7LM)
Top of the 7th over - 0 runs, 0 hits, 0 errors, 0 left on base; San Francisco 0 - Nevada 11
BOTTOM OF THE 7TH
Nevada Noise batting - Pitching for San Francisco Bandits : RHP Fernando Llama
Batting: RHB Max Jones 0-0: Called Strike
0-1: Foul Ball, location: 2F
0-2: Ball
1-2: Ball
2-2: Ball
3-2: Ground out 5-3 (Groundball, 5S)
Batting: RHB Pedro Rosado 0-0: Foul Ball, location: 2F
0-1: SINGLE (Groundball, 5D)
Batting: SHB Víctor Serrano 0-0: Ball
Pedro Rosado is caught stealing 2nd base
1-0: SINGLE (Line Drive, 6M)
Batting: LHB Santiago Márquez 0-0: Called Strike
0-1: Called Strike
0-2: Foul Ball, location: 2F
0-2: Ball
1-2: Ball
2-2: Ball
3-2: SINGLE (Groundball, 4MD)
Víctor Serrano to second
Víctor Serrano to third
Batting: RHB Luis Cruz 0-0: Foul Ball, location: 2F
0-1: Ball
1-1: Ball
2-1: Ball
Wild Pitch!
Víctor Serrano scores
Santiago Márquez to second
3-1: Foul Ball, location: 2F
3-2: Fly out, F4 (Line Drive, 34)
Bottom of the 7th over - 1 run, 3 hits, 0 errors, 1 left on base; San Francisco 0 - Nevada 12
TOP OF THE 8TH
San Francisco Bandits batting - Pitching for Nevada Noise : RHP Dan Wilson
Batting: RHB Javier Ramírez 0-0: Fly out, F8 (Flyball, 8LXD)
Batting: LHB Anacleto Morillo 0-0: Ground out 6-3 (Groundball, 6)
Batting: RHB Naomichi Aoki 0-0: Ball
1-0: Swinging Strike
1-1: Swinging Strike
1-2: Ground out 6-3 (Groundball, 6S)
Top of the 8th over - 0 runs, 0 hits, 0 errors, 0 left on base; San Francisco 0 - Nevada 12
BOTTOM OF THE 8TH
Nevada Noise batting - Pitching for San Francisco Bandits : RHP Fernando Llama
Pitching: RHP Alfonso Martínez
Batting: LHB Milton Watson 0-0: Ball
1-0: Swinging Strike
1-1: Foul Ball, location: 2F
1-2: Ball
2-2: Foul Ball, location: 2F
2-2: Fly out, F9 (Flyball, 9LSF)
Batting: RHB Rich Ruffin 0-0: Called Strike
0-1: Foul Ball, location: 2F
0-2: Ball
1-2: Ball
2-2: Fly out, F8 (Flyball, 8RM)
Batting: RHB Bill Mark 0-0: Called Strike
0-1: Foul Ball, location: 2F
0-2: Ball
1-2: Foul Ball, location: 2F
1-2: Ball
2-2: Foul Ball, location: 2F
2-2: Ground out 5-3 (Groundball, 56)
Bottom of the 8th over - 0 runs, 0 hits, 0 errors, 0 left on base; San Francisco 0 - Nevada 12
TOP OF THE 9TH
San Francisco Bandits batting - Pitching for Nevada Noise : RHP Dan Wilson
Batting: RHB José Hernández 0-0: Fly out, F9 (Flyball, 9LD)
Batting: RHB Scott Merritt 0-0: Called Strike
0-1: Ball
1-1: Ball
2-1: Called Strike
2-2: Ball
3-2: Base on Balls
Batting: RHB Owen Carter 0-0: Ball
1-0: Ball
2-0: Called Strike
2-1: Called Strike
2-2: Foul Ball, location: 2F
2-2: Strikes out swinging
Pitching: LHP David Taylor
Batting: LHB Chris Austin 0-0: Ball
1-0: Ball
2-0: Called Strike
2-1: Swinging Strike
2-2: Foul Ball, location: 2F
2-2: SINGLE (Flyball, 7LM)
Scott Merritt to second
Batting: RHB Michael Elliott 0-0: Called Strike
0-1: Ball
1-1: Called Strike
1-2: Ball
2-2: Ball
3-2: Strikes out swinging
Top of the 9th over - 0 runs, 1 hit, 0 errors, 2 left on base; San Francisco 0 - Nevada 12
Saturday, December 16th, 2017 - OOTP Baseball 18.8 Build 76